 Dungeon Crawl Stone Soup version 0.14-a0-586-g2535b90 (webtiles) character file.

234 PolkaDot the Vexing (level 4, 0/30 HPs)
             Began as a Vampire Enchanter on Nov 4, 2013.
             Slain by Terence
             ... wielding a +3,+0 short sword of holy wrath
              (7 damage)
             ... on Level 3 of the Dungeon.
             The game lasted 00:06:39 (1829 turns).

PolkaDot the Vexing (Vampire Enchanter)             Turns: 1829, Time: 00:06:39

HP   0/30        AC  4     Str  7      XL: 4   Next: 69%
MP   0/8         EV 12     Int 17      God:
Gold 118         SH  0     Dex 15      Spells:  2 memorised,  1 level left

Res.Fire  : . . .   See Invis. : +   a - +1 dagger
Res.Cold  : . . .   Warding    : .   b - +1 robe
Life Prot.: . . .   Conserve   : .   (no shield)
Res.Poison: .       Res.Corr.  : .   (no helmet)
Res.Elec. : .       Clarity    : .   l - +0 orc cloak
Sust.Abil.: . .     Spirit.Shd : .   (no gloves)
Res.Mut.  : .       Stasis     : .   (no boots)
Res.Rott. : .       Flight     : .   (no amulet)
Saprovore : . . .                    (no ring)
                                     (no ring)

@: regenerating quickly, mildly poisoned, slightly resistant to hostile
enchantments, quite stealthy
A: fangs 3, see invisible, unbreathing
a: no special abilities


You were on level 3 of the Dungeon.
You were very full.

You visited 1 branch of the dungeon, and saw 3 of its levels.

You collected 118 gold pieces.

Inventory:

Hand weapons
 a - a +1,+1 dagger (weapon)
Missiles
 d - 12 darts (quivered)
Armour
 b - a +1 robe (worn)
 l - a +0 orcish cloak (worn)
Scrolls
 f - 3 scrolls of identify {unknown}
 g - 2 scrolls of random uselessness {unknown}
 h - a scroll of blinking {unknown}
 i - a scroll of recharging {unknown}
 n - a scroll of enchant armour {unknown}
 o - a scroll of remove curse {unknown}
Potions
 e - a potion of blood
Books
 c - a book of Maledictions

   Spells                             Type                      Level
   *Corona                            Hexes                        1
   Sure Blade                         Hexes/Charms                 2
   Ensorcelled Hibernation            Hexes/Ice                    2
   *Confuse                           Hexes                        3
   Enslavement                        Hexes                        4
   Invisibility                       Hexes                        6


   Skills:
 - Level 3.1 Short Blades
 - Level 0.7 Throwing
 - Level 2.1 Dodging
 + Level 4.3 Stealth
 + Level 1.1 Spellcasting
 * Level 6.0 Hexes


You had one spell level left.
You knew the following spells:

 Your Spells              Type           Power        Failure   Level  Hunger
a - Corona                Hex            ###....      1%          1    ##.....
C - Confuse               Hex            ###.....     8%          3    ####...


Dungeon Overview and Level Annotations

Branches:
Dungeon (3/27)

Altars:
Yredelemnul

Annotations:
D:3 PolkaDot's ghost, average MfGl; Terence


Innate Abilities, Weirdness & Mutations

Your natural rate of healing is unusually fast.
You have razor-sharp teeth.*
You have supernaturally acute eyesight.
You can survive without breathing.*


Message History

The adder bites Terence but does no damage.
Casting: Confuse
Confirm with . or Enter, or press ? or * to list all spells.
Aiming: Confuse
Press: ? - help, Shift-Dir - straight line, f/p - adder
Aim: an adder (heavily wounded, bewildered and confused) Terence resists.
Terence hits you with a short sword of holy wrath.
* * * LOW HITPOINT WARNING * * *
You convulse.
* * * LOW HITPOINT WARNING * * *
Casting: Confuse
Confirm with . or Enter, or press ? or * to list all spells.
Aiming: Confuse
Press: ? - help, Shift-Dir - straight line, f - Terence, p - adder
Aim: Terence, wielding a short sword of holy wrath and wearing a chain mail Terence easily resists.
Terence hits you but does no damage.
The adder barely misses Terence.
Terence hits you with a short sword of holy wrath!
You die...

#..@ ##### #.%## #... #?..
#.### #...#######.# #.# #
###...........### #####
#...............######..>.
#.....##.##......%........
.###.##.##...####.#%#.##.
# #.........# #.#.#.##.
#.###)...@###.# #.#.#.##.
#.....S.@.# #.. ......##.
#.........###.####.....##.
#.###...................##
# ####.##..#####......
......# #..... ##.###.#
#.# .. #.# #


You could see Terence and an adder (confused).

Vanquished Creatures
  2 gnolls
  3 adders
  2 oozes (D:2)
  4 bats
  6 giant cockroaches
  4 goblins
  11 hobgoblins
  6 jackals
  A ball python (D:2)
  2 giant geckos (D:2)
  3 giant newts
  9 kobolds
  6 rats
59 creatures vanquished.

Notes
Turn   | Place    | Note
--------------------------------------------------------------
     0 | D:1      | PolkaDot, the Vampire Enchanter, began the quest for the Orb.
     0 | D:1      | Reached XP level 1. HP: 13/13 MP: 4/4
   291 | D:1      | Reached skill level 5 in Hexes
   295 | D:1      | Reached XP level 2. HP: 13/19 MP: 5/5
   816 | D:2      | Reached XP level 3. HP: 10/24 MP: 6/6
  1088 | D:2      | Found a basalt altar of Yredelemnul.
  1448 | D:3      | Reached XP level 4. HP: 27/30 MP: 8/8
  1753 | D:2      | Learned a level 3 spell: Confuse
  1761 | D:3      | Noticed PolkaDot's ghost (average MfGl)
  1803 | D:3      | Reached skill level 6 in Hexes
  1811 | D:3      | Noticed Terence
  1829 | D:3      | Slain by Terence

Action                   |  1- 3 |  4- 6 || total
-------------------------+-------+-------++-------
Melee: Dagger            |   241 |    67 ||   308
 Cast: Confuse           |       |     4 ||     4
  Use: Potion            |     1 |     3 ||     4
 Stab: Sleeping          |     4 |     2 ||     6
       Confused          |       |     1 ||     1
